 Dungeon Crawl Stone Soup version 0.22-a0-280-g69bf1f3 (webtiles) character file.

6799 GizzardofKazz the Basher (level 11, -1/102 HPs)
             Began as a Gargoyle Berserker on Mar 16, 2018.
             Was a High Priest of Trog.
             Slain by an alligator (4 damage)
             ... on level 2 of the Lair of Beasts.
             The game lasted 00:32:56 (10474 turns).

GizzardofKazz the Basher (Gargoyle Berserker)      Turns: 10474, Time: 00:32:56

Health: -1/102     AC: 14    Str: 29    XL:     11   Next: 5%
Magic:  0/11       EV: 16    Int:  8    God:    Trog [*****.]
Gold:   630        SH:  0    Dex: 12    Spells: 10/10 levels left

rFire    + . .     SeeInvis .   H - +0 morningstar
rCold    + . .     Gourm    .   (no shield)
rNeg     + . .     Faith    .   a - +0 leather armour "Oheg Mikh" {Str+3}
rPois    ∞         Spirit   +   C - +0 helmet
rElec    +         Reflect  .   h - scarf {rC+ rF+}
rCorr    +         Harm     .   (no gloves)
MR       ++...                  e - +0 pair of boots
Stlth    ..........             E - amulet of guardian spirit
HPRegen  1.27/turn              j - ring of resist corrosion
MPRegen  0.12/turn              p - +4 ring of evasion

@: berserking, regenerating, very quick
A: negative energy resistance 1, electricity resistance, unbreathing,
petrification resistance, rot immunity, AC +8
a: Berserk, Trog's Hand, Brothers in Arms, Renounce Religion


You were on level 2 of the Lair of Beasts.
You worshipped Trog.
Trog was extremely pleased with you.
You were not hungry.

You visited 3 branches of the dungeon, and saw 11 of its levels.
You also visited: Ossuary.

You collected 630 gold pieces.

Inventory:

Hand Weapons
 H - a +0 morningstar (weapon)
Armour
 a - the +0 leather armour "Oheg Mikh" (worn) {Str+3}
   (You found it on level 1 of the Lair of Beasts)

   It affects your strength (+3).
 e - a +0 pair of boots (worn)
 h - a scarf of resistance (worn)
 x - the +1 leather armour "Deral" {rF- rC++ Dex+4 Stlth+}
   (You found it on level 5 of the Dungeon)

   It affects your dexterity (+4).
   It makes you vulnerable to fire.
   It greatly protects you from cold.
   It makes you more stealthy.
 C - a +0 helmet (worn)
Jewellery
 j - a ring of resist corrosion (left hand)
 m - an uncursed ring of positive energy
 p - a +4 ring of evasion (right hand)
 w - a +3 ring of evasion
 E - an amulet of guardian spirit (around neck)
 I - an uncursed ring of poison resistance
Wands
 u - a wand of digging (12)
 D - a wand of paralysis (12)
 G - a wand of acid (9)
Scrolls
 d - 3 scrolls of enchant weapon
 f - 6 scrolls of remove curse
 l - 2 scrolls of amnesia {unknown}
 q - 5 scrolls of teleportation
 r - a scroll of noise {unknown}
 v - a scroll of brand weapon {unknown}
 y - a scroll of fog {unknown}
 A - 3 scrolls of blinking
 F - a scroll of silence {unknown}
 K - a scroll of magic mapping {unknown}
Potions
 b - 4 potions of brilliance
 g - 5 potions of curing
 i - 5 potions of haste
 k - 2 potions of degeneration {unknown}
 n - a potion of berserk rage {unknown}
 o - 5 potions of might
 s - 5 potions of heal wounds
 t - 2 potions of lignification {unknown}
 z - 2 potions of agility {unknown}
 B - a potion of resistance {unknown}
Comestibles
 c - 21 rations


   Skills:
 + Level 7.9 Fighting
 * Level 13.5 Maces & Flails
 + Level 7.5 Armour
 - Level 1.5 Dodging


You had 10 spell levels left.
You didn't know any spells.

Dungeon Overview and Level Annotations

Branches:
Dungeon (8/15)             Temple (0/1) D:6            Lair (2/6) D:8
  Swamp (1/4) Lair:2
  Snake: Lair:2-4    Spider: Lair:2-4

Altars:
Ashenzari
Cheibriados
Hepliaklqana
Okawaru
Vehumet

Annotations:
Swamp:1 Louise


Innate Abilities, Weirdness & Mutations

You are resistant to torment.
Your stone body is resilient. (AC +8)
You are immune to poison.
You resist negative energy. (rN+)
You are resistant to electric shocks. (rElec)
You can survive without breathing.
You are immune to petrification.
You are immune to rotting.


Message History

You bludgeon the slime creature!!
The slime creature is almost dead.
The slime creature hits you but does no damage.
The spiny frog closely misses you.
You puncture the slime creature!
You kill the slime creature!
Trog accepts your kill. The alligator barely misses you.
The alligator tail-slaps you but does no damage.
You puncture the alligator!
The alligator is moderately wounded.
The spiny frog stings you but does no damage.
The alligator bites you but does no damage.
The alligator tail-slaps you but does no damage.
You barely miss the alligator.
The alligator is moderately wounded.
The spiny frog closely misses you. The alligator bites you!
* * * LOW HITPOINT WARNING * * *
The alligator tail-slaps you.
You die...

#P.........P......
#.................
##.................
#..................
#..................
♣♣♣♣♣..............
♣≈≈♣♣♣.............
♣♣§≈t♣♣....###....##
♣§§@§♣♣.........####
♣§§§F♣♣...........#.
♣♣§§≈♣♣....##....###
♣♣§♣♣....####......
♣♣.......####....P.
#.......###P.......
###......##.........
#.#.................
##........(.........


You could see an alligator and a spiny frog.

Vanquished Creatures
  A black mamba (Lair:2)
  2 spiny frogs (Lair:1)
  A hornet (D:6)
  A tyrant leech (Lair:2)
  A slime creature (Lair:2)
  4 blink frogs (Lair:2)
  A wyvern (D:8)
  2 basilisks (Lair:1)
  A water moccasin (Lair:1)
  2 porcupines
  2 ice beasts (D:8)
  A sky beast (D:5)
  A black bear (D:8)
  A phantom (D:4)
  A necrophage (D:5)
  2 ogres
  A centaur (D:5)
  3 crocodiles
  A bullfrog (D:6)
  11 scorpions
  3 killer bees (D:8)
  2 howler monkeys
  8 crimson imps
  2 centaur zombies (Ossuary)
  A quasit (D:8)
  3 bullfrog zombies
  5 jellies
  2 human zombies (Ossuary)
  An orc priest (D:4)
  2 bullfrog skeletons (D:4)
  4 hounds
  7 orc wizards
  An iguana (D:7)
  6 worker ants
  A big kobold zombie (Ossuary)
  3 mummies (Ossuary)
  3 gnolls (D:6)
  A howler monkey skeleton (D:4)
  3 scorpion zombies (Ossuary)
  13 adders
  6 oozes
  A worm (D:2)
  3 dart slugs
  6 leopard geckos
  19 orcs
  4 giant cockroaches
  6 goblins
  10 hobgoblins
  17 jackals
  4 quokkas
  A ball python (D:1)
  A ball python skeleton (D:2)
  3 bats
  6 frilled lizards
  A giant cockroach zombie (D:5)
  2 goblin zombies (Ossuary)
  A hobgoblin zombie (Ossuary)
  A jackal skeleton (D:8)
  7 kobolds
  4 orc zombies (Ossuary)
  A quokka skeleton (D:8)
  7 rats
222 creatures vanquished.

Vanquished Creatures (collateral kills)
  A hydra (Lair:1)
  A slime creature (Swamp:1)
2 creatures vanquished.

Vanquished Creatures (others)
  A hobgoblin zombie (Ossuary)
  An orc zombie (Ossuary)
  A fungus (Lair:2)
3 creatures vanquished.

Grand Total: 227 creatures vanquished

Notes
Turn   | Place    | Note
-------+----------+-------------------------------------------
     0 | D:1      | GizzardofKazz the Gargoyle Berserker began the quest for the Orb.
     0 | D:1      | Reached XP level 1. HP: 14/14 MP: 1/1
    99 | D:1      | Reached XP level 2. HP: 8/19 MP: 2/2
   901 | D:1      | Reached skill level 4 in Maces & Flails
   914 | D:1      | Reached XP level 3. HP: 21/23 MP: 3/3
  1546 | D:2      | Reached ** piety under Trog
  1634 | D:2      | Reached XP level 4. HP: 7/28 MP: 4/4
  2025 | D:2      | Reached skill level 5 in Maces & Flails
  2722 | D:3      | Reached XP level 5. HP: 21/32 MP: 5/5
  2958 | D:3      | Found a shattered altar of Ashenzari.
  2988 | D:3      | Found a hazy altar of Hepliaklqana.
  3341 | D:3      | Reached *** piety under Trog
  3425 | D:3      | Reached skill level 6 in Maces & Flails
  3506 | D:4      | Reached XP level 6. HP: 37/37 MP: 6/6
  3739 | D:4      | Found a snail-covered altar of Cheibriados.
  3874 | D:4      | Noticed a phantom
  3881 | D:4      | Reached skill level 7 in Maces & Flails
  3893 | D:4      | Killed a phantom
  4149 | D:4      | Reached XP level 7. HP: 39/41 MP: 7/7
  4280 | D:4      | Found an iron altar of Okawaru.
  4510 | D:5      | Entered Level 5 of the Dungeon
  4621 | D:5      | Reached skill level 8 in Maces & Flails
  4867 | D:5      | Reached skill level 9 in Maces & Flails
  4912 | D:5      | Got a warped leather armour
  4925 | D:5      | Identified the +1 leather armour "Deral" {rF- rC++ Dex+4 Stlth+} (You found it on level 5 of the Dungeon)
  4936 | D:5      | Reached XP level 8. HP: 34/46 MP: 8/8
  5420 | D:6      | Found an iron altar of Okawaru.
  5461 | D:6      | Found a radiant altar of Vehumet.
  5485 | D:6      | Reached skill level 10 in Maces & Flails
  5493 | D:6      | Reached **** piety under Trog
  5816 | D:6      | Found a staircase to the Ecumenical Temple.
  6028 | D:6      | Noticed a hornet
  6052 | D:6      | Killed a hornet
  6052 | D:6      | Reached skill level 11 in Maces & Flails
  6538 | D:7      | Reached XP level 9. HP: 49/52 MP: 9/9
  6623 | D:7      | You fall through a shaft!
  6627 | D:8      | Found a sand-covered staircase.
  6634 | Ossuary  | Entered an ossuary
  7123 | Ossuary  | Reached skill level 5 in Fighting
  7264 | D:8      | Reached ***** piety under Trog
  7405 | D:8      | Found a staircase to the Lair.
  7852 | D:8      | Reached skill level 5 in Armour
  7857 | D:8      | Reached skill level 12 in Maces & Flails
  8020 | D:8      | Reached XP level 10. HP: 43/60 MP: 10/10
  8352 | Lair:1   | Entered Level 1 of the Lair of Beasts
  8352 | Lair:1   | Noticed a spiny frog
  8368 | Lair:1   | Killed a spiny frog
  8929 | Lair:1   | Noticed an eight-headed hydra
  8936 | Lair:1   | Killed an eight-headed hydra
  9109 | Lair:1   | Got a slimy leather armour
  9121 | Lair:1   | Identified the +0 leather armour "Oheg Mikh" {Str+3} (You found it on level 1 of the Lair of Beasts)
  9129 | Lair:1   | Noticed a spiny frog
  9139 | Lair:1   | Killed a spiny frog
  9416 | Lair:2   | Reached skill level 13 in Maces & Flails
  9834 | Lair:2   | Noticed a black mamba
  9855 | Lair:2   | Killed a black mamba
 10141 | Lair:2   | Reached XP level 11. HP: 68/68 MP: 11/11
 10186 | Lair:2   | Found a staircase to the Swamp.
 10457 | Swamp:1  | Entered Level 1 of the Swamp
 10457 | Swamp:1  | Noticed Louise
 10457 | Swamp:1  | Noticed an alligator
 10463 | Swamp:1  | Noticed an eight-headed hydra
 10474 | Lair:2   | HP: 3/102 [alligator (13)]
 10474 | Lair:2   | Slain by an alligator

Vault maps used:
D:1:      dpeg_arrival_arbitrary_c, palyth_stone_intersect
D:2:      minmay_wonky_spiral
D:3:      grunt_temple_overflow_open, kennysheep_generic_room_15
D:4:      cheibriados_altar_1, first_ration, okawaru_trees_1
D:6:      nicolae_overflow_crystal_walls, minmay_temple_entry_statues_fountains,
          basic_altar
D:8:      dpeg_oklobed_lair, chequers_ossuary_entry_cave,
          hangedman_little_slice_of_home, minmay_misc_feat_rugged
Lair:1:   lemuel_fruit_tree
Lair:2:   minmay_swamp_entry_worms
Swamp:1:  hangedman_swamp_ruin_hall, swamp_pool2, uniq_louise, uniq_nikola
Ossuary:  ossuary_minmay_scorpions

Skill      XL: |  1  2  3  4  5  6  7  8  9 10 |
---------------+-------------------------------+-----
Maces & Flails | 4 5 6 7 9 11 12 13 | 13.5
Fighting       | 4 6 7 |  7.9
Armour         | 3 5 7 |  7.5
Dodging        | |  1.5

Action                   |  1- 3 |  4- 6 |  7- 9 | 10-12 || total
-------------------------+-------+-------+-------+-------++-------
Melee: Mace              |   120 |   202 |   636 |    93 ||  1051
       Morningstar       |       |       |       |    91 ||    91
Invok: Berserk           |       |     2 |     4 |     5 ||    11
       Trog's Hand       |       |     1 |     2 |     2 ||     5
       Brothers in Arms  |       |       |       |     2 ||     2
  Use: Scroll            |       |       |    10 |     3 ||    13
       Potion            |       |       |     2 |     3 ||     5
 Stab: Sleeping          |     1 |       |     4 |     2 ||     7
  Eat: Chunk             |     2 |    11 |    11 |     6 ||    30
       Ration            |       |       |     2 |     2 ||     4
Armor: Animal skin       |    55 |    31 |       |       ||    86
       Leather armour    |       |    36 |   176 |    47 ||   259
Dodge: Dodged            |   113 |   169 |   562 |   169 ||  1013

Table legend:
 A = Spawn XP
 B = Non-spawn XP
 C = Spawn XP percentage of total XP
 D = Spawn monster count
 E = Non-spawn monster count
 F = Spawn count percentage of total count
 G = Total turns spent on level
                    A         B        C        D         E        F      G
               +---------+---------+-------+---------+---------+-------+---------
         Total |       0 |    9714 |   0.0 |       0 |     224 |   0.0 | 10474
               +---------+---------+-------+---------+---------+-------+---------
           D:1 |       0 |      49 |   0.0 |       0 |      25 |   0.0 |  1403
           D:2 |       0 |     100 |   0.0 |       0 |      29 |   0.0 |  1132
           D:3 |       0 |      90 |   0.0 |       0 |      20 |   0.0 |   898
           D:4 |       0 |     451 |   0.0 |       0 |      20 |   0.0 |  1077
           D:5 |       0 |     716 |   0.0 |       0 |      16 |   0.0 |   878
           D:6 |       0 |     946 |   0.0 |       0 |      23 |   0.0 |  1137
           D:7 |       0 |     337 |   0.0 |       0 |      12 |   0.0 |   528
           D:8 |       0 |    1568 |   0.0 |       0 |      33 |   0.0 |   708
        Lair:1 |       0 |    2063 |   0.0 |       0 |       8 |   0.0 |  1059
        Lair:2 |       0 |    2268 |   0.0 |       0 |       9 |   0.0 |  1057
       Swamp:1 |       0 |     130 |   0.0 |       0 |       1 |   0.0 |     6
       Ossuary |       0 |     996 |   0.0 |       0 |      28 |   0.0 |   591
               +---------+---------+-------+---------+---------+-------+---------
